 Dungeon Crawl Stone Soup version 0.32-a0-893-gf85d74f360 (webtiles) character file.

Game seed: 11753230850759433669

13946 GiantSquids the Severer (level 11, -1/97 HPs)
             Began as a Mountain Dwarf Fighter on Apr 4, 2024.
             Was a High Priest of Yredelemnul.
             Slain by Snorg (4 damage)
             ... on level 10 of the Dungeon.
             The game lasted 00:27:47 (9864 turns).

GiantSquids the Severer (Mountain Dwarf Fighter)    Turns: 9864, Time: 00:27:48

Health: -1/97      AC: 22    Str: 23    XL:     11   Next: 82%
Magic:  10/14      EV:  6    Int:  9    God:    Yredelemnul [*****.]
Gold:   385        SH:  5    Dex:  9    Spells: 10/10 levels left

rFire   . . .        J - +0 battleaxe
rCold   + . .        (shield currently unavailable)
rNeg    . . .        B - +0 plate armour
rPois   .            L - +2 helmet
rElec   .            h - +0 cloak
rCorr   +            A - +0 pair of gloves
SInv    .            l - +0 pair of boots
Will    +....        v - amulet of reflection Stlth
                     r - ring of protection from cold
HPRegen 0.36/turn    b - ring of resist corrosion
MPRegen 0.14/turn

%: reflection
@: brilliant, wreathed by umbra, studying Shields
A: runic magic, artefact enchanting
a: Renounce Religion, Light the Black Torch, Recall Undead Harvest, Hurl
Torchlight, Bind Soul, Fathomless Shackles


You were on level 10 of the Dungeon.
You worshipped Yredelemnul.
Yredelemnul was noncommittal.
You visited 1 branch of the dungeon, and saw 10 of its levels.
You also visited: Sewer and Bailey.

You collected 528 gold pieces.
You spent 143 gold pieces at shops.

Inventory:

Hand Weapons
 E - a +2 heavy triple crossbow
 H - the +5 hammer "Namnuor" {freeze, rElec Int-5 Dex+7}
   (You found it on level 4 of the Dungeon)

   Int-5:     It affects your intelligence (-5).
   Dex+7:     It affects your dexterity (+7).
   rElec:     It insulates you from electricity.
 J - a +0 battleaxe (weapon)
Missiles
 K - 4 boomerangs (quivered)
Armour
 c - a +0 buckler
 h - a +0 cloak (worn)
 l - a +0 pair of boots (worn)
 A - a +0 pair of gloves (worn)
 B - a +0 plate armour (worn)
 L - a +2 helmet (worn)
Jewellery
 b - a ring of resist corrosion (right hand)
 r - a ring of protection from cold (left hand)
 s - a +5 ring of evasion
 v - an amulet of reflection (around neck)
 F - a +6 ring of intelligence
Talismans
 p - a beast talisman
Wands
 i - a wand of mindburst (12)
 k - a wand of charming (8)
 G - a wand of flame (1)
Scrolls
 a - a scroll of fear {unknown}
 e - 3 scrolls of amnesia
 g - 2 scrolls of immolation
 j - 3 scrolls of fog {unknown}
 m - 4 scrolls of noise {unknown}
 n - 7 scrolls of teleportation {unknown}
 w - 4 scrolls of identify
 x - 3 scrolls of blinking
 y - 5 scrolls of enchant weapon {unknown}
 z - a scroll of brand weapon
 I - a scroll of silence {unknown}
Potions
 d - a potion of berserk rage {unknown}
 f - 3 potions of brilliance
 o - 2 potions of heal wounds {unknown}
 q - 3 potions of haste {unknown}
 t - 2 potions of degeneration {unknown}
 u - 2 potions of curing {unknown}
 C - a potion of cancellation {unknown}
 D - 3 potions of resistance {unknown}


   Skills:
 + Level 9.5 Fighting
 + Level 18.0 Axes
 + Level 9.5 Armour
 - Level 3.2 Shields
 + Level 4.1 Invocations


You had 10 spell levels left.
You didn't know any spells.
Your spell library contained the following spells:

 Spells                   Type           Power      Damage    Failure   Level
 Kiss of Death            Conj/Necr      0%         2d5       58%         1
 Magic Dart               Conj           0%         1d3       58%         1
 Searing Ray              Conj           0%         2d4       75%         2
 Sublimation of Blood     Necr           0%         N/A       75%         2
 Confusing Touch          Hex            0%         N/A       92%         3
 Animate Armour           Summ/Erth      0%         N/A       100%        4
 Dispel Undead            Necr           0%         3d6       100%        4
 Fulminant Prism          Conj/Alch      0%         3d5       100%        4
 Petrify                  Alch/Erth      0%         N/A       100%        4
 Summon Lightning Spire   Summ/Air       0%         N/A       100%        4
 Irradiate                Conj/Alch      0%         3d11      100%        5
 Lee's Rapid Deconstruct  Erth           0%         3d4*      100%        5


Dungeon Overview and Level Annotations

Branches:
Dungeon (10/15)            Temple (0/1) D:7            Lair (0/5) D:8
  Sewer (visited)          Bailey (visited)
    Orc: D:9-12

Altars:
Dithmenos
Elyvilon
Fedhas
Gozag
Makhleb
Vehumet
Yredelemnul
The Shining One

Shops:
D:2 ?   D:5 *??*   D:6 ?   D:8 [

Annotations:
D:10 Snorg


Innate Abilities, Weirdness & Mutations

Your spellcasting is much less encumbered by armour.
You can use scrolls of enchantment on lesser artefacts.


Message History

Your wight hits Snorg from afar with a +0 halberd.
Your wight drains Snorg.
Snorg bites your steam dragon zombie!
Your steam dragon zombie is destroyed!
Your wight hits Snorg from afar with a +0 halberd!
Your wight drains Snorg.
Snorg barely misses your wight. Snorg closely misses your wight. x2
Your wight barely misses Snorg.
Snorg bites your wight. Snorg closely misses your wight.
Snorg barely misses your wight.
Your wight barely misses Snorg.
Snorg barely misses your wight. Snorg claws your wight. Snorg claws your wight!
Snorg bites your wight!
Your wight is destroyed!
Your wight returns to the grave!
Okay, then.
Okay, then.
Hit: J) +0 battleaxe
Press: ? - help, Dir - move target, f - you, p - Snorg
Okay, then.
Aiming: Mindburst
Press: ? - help, Shift-Dir - straight line, f/p - Snorg
Aim: Snorg (almost dead, berserk, soul-gripped, lightly drained, umbra, chance to affect: 50%) Snorg resists with some effort.
Snorg bites you!
* * * LOW HITPOINT WARNING * * *
Snorg barely misses you. Snorg closely misses you.
You slash Snorg!
Snorg is almost dead.
Snorg bites you but does no damage. You block Snorg's attack.
Snorg completely misses you.
It was a potion of brilliance.
You feel clever all of a sudden. Snorg bites you.
* * * LOW HITPOINT WARNING * * *
Snorg claws you but does no damage. You block Snorg's attack.
You slash Snorg!
Snorg is almost dead.
Snorg is no longer berserk.
Snorg barely misses you. x2
Snorg claws you but does no damage. Snorg bites you.
You die...
Your body rises from the dead as a mindless zombie.

...................
###.#####.######..#
#.# #.# #..# #)# #.#
#..# #.# #.# #>.# #.#
#.# #..# #.# #.# #..#
#.# #.# #T.# #.# #@.#
#.#####.######..#####
#.....................
#.....................
#..###..######........
#. #..# #/..##### #..#
#...# #..# #...# #..#
#...#


You could see Snorg (soul-gripped, slow, drained).

Vanquished Creatures
  An orc knight (Bailey)
  Sigmund (D:6)
  A shadow (D:9)
  A wyvern (D:9)
  3 steam dragons
  9 yaks (D:9)
  An acid dragon (D:9)
  A water moccasin (D:8)
  10 orc warriors
  2 sky beasts
  2 ice beasts
  A black bear (D:6)
  A lemure (D:7)
  2 centaurs
  2 kobold brigands
  4 bullfrogs
  2 scorpions
  14 killer bees
  7 howler monkeys
  4 hounds
  A jelly (D:6)
  A crimson imp (D:7)
  A bombardier beetle (D:5)
  3 orc priests
  Crazy Yiuf (D:4)
  A sleepcap (D:6)
  2 iguanas
  3 orc wizards (D:5)
  Robin (D:4)
  16 gnolls
  8 adders
  A white imp (D:6)
  4 dart slugs
  A ribbon worm (D:2)
  34 orcs
  4 bats
  11 endoplasms
  10 giant cockroaches
  13 hobgoblins
  4 jackals
  12 kobolds
  2 quokkas
  8 ball pythons
  6 frilled lizards
  12 goblins
  8 rats
237 creatures vanquished.

Vanquished Creatures (collateral kills)
  Pikel (D:7)
  A troll (D:9)
  Prince Ribbit (D:6)
  2 steam dragons
  Menkaure (D:6)
  Edmund (D:6)
  3 ice beasts
  A black bear (D:6)
  An orc warrior (D:9)
  A sky beast (D:6)
  An ogre (D:6)
  2 lemures (D:7)
  A kobold brigand (D:9)
  A gnoll sergeant (D:9)
  A scorpion (D:5)
  7 killer bees
  3 howler monkeys
  2 electric eels (D:8)
  A hound (D:5)
  2 iguanas (D:5)
  4 gnolls
  2 adders (Sewer)
  A shadow imp (D:5)
  An ufetubus (D:6)
  4 dart slugs (Sewer)
  A ribbon worm (D:5)
  8 orcs
  3 endoplasms (Sewer)
  3 giant cockroaches (Sewer)
  A goblin (D:4)
  2 kobolds
  3 ball pythons (Sewer)
  4 frilled lizards (Sewer)
71 creatures vanquished.

Vanquished Creatures (others)
  3 human zombies (D:6)
  A wyvern zombie (D:9)
  A killer bee (D:9)
  A bullfrog zombie (D:8)
  3 killer bee zombies
  3 howler monkey zombies
  2 steam dragon zombies
  3 adder zombies (Sewer)
  An iguana zombie (D:7)
  A jelly zombie (D:6)
  8 gnoll zombies
  2 ball python zombies (Sewer)
  A jackal zombie (D:4)
  2 kobold zombies
  20 orc zombies
  A rat zombie (D:5)
53 creatures vanquished.

Grand Total: 361 creatures vanquished

Notes
Turn   | Place    | Note
-------+----------+-------------------------------------------
     0 | D:1      | GiantSquids the Mountain Dwarf Fighter began the quest for
                  | the Orb.
     0 | D:1      | Reached XP level 1. HP: 19/19 MP: 1/1
   231 | D:1      | Reached skill level 3 in Axes
   357 | D:1      | Reached XP level 2. HP: 26/26 MP: 2/2
   915 | D:2      | Reached skill level 4 in Axes
  1008 | D:2      | Reached XP level 3. HP: 31/31 MP: 3/3
  1131 | D:2      | Found Jigher's Magic Scroll Shop.
  1380 | D:2      | Found a blossoming altar of Fedhas.
  1546 | D:3      | Reached skill level 5 in Axes
  2006 | D:3      | Noticed an ice beast
  2009 | D:3      | Reached XP level 4. HP: 38/38 MP: 4/4
  2038 | D:3      | Killed an ice beast
  2039 | D:3      | Reached skill level 6 in Axes
  2039 | D:3      | Reached XP level 5. HP: 31/45 MP: 5/5
  2054 | D:3      | Reached skill level 7 in Axes
  2817 | D:4      | You fall into a shaft and drop 1 floor!
  2817 | D:5      | Entered Level 5 of the Dungeon
  2843 | D:5      | Found Esahobb's Magic Scroll Shop.
  2877 | D:5      | Reached XP level 6. HP: 51/51 MP: 6/6
  2882 | D:5      | Found a basalt altar of Yredelemnul.
  2905 | D:5      | Became a worshipper of Yredelemnul the Fallen
  2979 | D:5      | Reached skill level 8 in Axes
  3056 | D:5      | Found Ryustrot's Magic Scroll Emporium.
  3078 | D:5      | Reached skill level 9 in Axes
  3107 | D:5      | Found a glowing drain.
  3121 | D:5      | Reached XP level 7. HP: 22/57 MP: 7/7
  3127 | Sewer    | Entered a sewer
  3281 | Sewer    | Reached * piety under Yredelemnul
  3401 | Sewer    | Reached ** piety under Yredelemnul
  3435 | Sewer    | Reached skill level 10 in Axes
  3529 | D:5      | Found Hamu's General Store.
  3577 | D:5      | Bought a scroll of identify for 20 gold pieces
  3800 | D:5      | Found Moesmos's General Store.
  4001 | D:6      | Noticed a steam dragon
  4010 | D:6      | Killed a steam dragon
  4011 | D:6      | Reached skill level 11 in Axes
  4011 | D:6      | Reached XP level 8. HP: 13/63 MP: 8/8
  4191 | D:6      | Noticed Menkaure
  4201 | D:6      | Killed Menkaure
  4222 | D:6      | Reached skill level 12 in Axes
  4305 | D:6      | Noticed Edmund
  4332 | D:6      | Killed Edmund
  4459 | D:6      | Noticed Prince Ribbit
  4485 | D:6      | Killed Prince Ribbit
  4486 | D:6      | Reached skill level 13 in Axes
  4674 | D:6      | Found The Oracle's Delphic Readings.
  4679 | D:6      | Bought a scroll of brand weapon for 123 gold pieces
  4839 | D:6      | Noticed Sigmund
  4852 | D:6      | Killed Sigmund
  4920 | D:6      | Reached skill level 14 in Axes
  4920 | D:6      | Reached XP level 9. HP: 66/70 MP: 9/9
  5111 | D:6      | Your ally Prince Ribbit died
  5121 | D:6      | Your ally Sigmund died
  5466 | D:6      | Your ally Edmund died
  5473 | D:6      | Reached skill level 15 in Axes
  5794 | D:7      | Noticed Pikel
  5794 | D:7      | Found a staircase to the Ecumenical Temple.
  5801 | D:7      | Reached *** piety under Yredelemnul
  5812 | D:7      | Killed Pikel
  5813 | D:7      | Reached skill level 16 in Axes
  5860 | D:7      | Found a flagged portal.
  5871 | Bailey   | Entered a bailey
  6375 | Bailey   | Reached XP level 10. HP: 70/77 MP: 10/10
  6414 | Bailey   | Noticed an orc knight
  6450 | Bailey   | Killed an orc knight
  6451 | Bailey   | Reached skill level 17 in Axes
  6665 | Bailey   | Reached XP level 11. HP: 94/94 MP: 11/11
  6818 | D:7      | Found a white marble altar of Elyvilon.
  6858 | D:7      | Found an opulent altar of Gozag.
  6866 | D:7      | Found a glowing golden altar of the Shining One.
  7056 | D:7      | Found a radiant altar of Vehumet.
  7057 | D:7      | Found a burning altar of Makhleb.
  7505 | D:4      | Noticed Robin
  7513 | D:4      | Killed Robin
  7513 | D:4      | Reached **** piety under Yredelemnul
  7625 | D:4      | Found a runed translucent door.
  7626 | D:4      | Noticed Crazy Yiuf
  7637 | D:4      | Killed Crazy Yiuf
  7641 | D:4      | Identified the +5 hammer "Namnuor" {freeze, rElec Int-5
                  | Dex+7}
  7923 | D:8      | Found a shadowy altar of Dithmenos.
  8144 | D:8      | Found a staircase to the Lair.
  8314 | D:8      | Found Atzu Cen's Antique Armour Boutique.
  8531 | D:8      | Found a blossoming altar of Fedhas.
  8616 | D:8      | Reached skill level 1 in Invocations
  8826 | D:9      | Reached ***** piety under Yredelemnul
  9577 | D:9      | Reached skill level 18 in Axes
  9789 | D:10     | Entered Level 10 of the Dungeon
  9843 | D:10     | Noticed Snorg
  9861 | D:10     | HP: 4/97 [Snorg (9)]
  9864 | D:10     | Slain by Snorg

Illustrated notes

Levels and vault maps discovered:
D:1:      reono_arrival_forest_river, layout_loops_corners
D:2:      layout_basic, serial_shops, shop, basic_altar
D:3:      layout_loops_ring, minivault_14, minmay_liquid_box, grunt_ministairs_5
D:4:      layout_basic, uniq_crazy_yiuf_cottage, uniq_robin
D:5:      layout_loops_ring, mainiacjoe_overflow_alcove_2, serial_shops, shop,
          nicolae_shop_hallway_stairs, nicolae_shop_advertising_works
          [nicolae_subvault_shop_adworks], nicolae_shop_rolled_up,
          portal_sewer_entry_e
D:6:      minmay_razor_zed, layout_gridville, nicolae_nh_oracle_at_delphi,
          uniq_sigmund, uniq_menkaure, uniq_edmund, uniq_prince_ribbit1
D:7:      layout_cave_pools, grunt_temple_overflow_lords_of_destruction,
          mainiacjoe_overflow_catwalk, mainiacjoe_overflow_big_doors,
          minmay_temple_entry_statues_pillars, enter_bailey_2, uniq_pikel
D:8:      layout_basic, mainiacjoe_overflow_alcove_4, grunt_dithmenos_smoke,
          dpeg_oklobed_lair, serial_shops, nicolae_inconvenience_store,
          kennysheep_minor_cross
D:9:      layout_loops_cross
D:10:     layout_long_grid, uniq_snorg, uniq_lodul

Skill      XL: |  1  2  3  4  5  6  7  8  9 10 11 |
---------------+----------------------------------+-----
Axes           | 3 4 5 6 7 9 11 14 16 17 18 | 18.0
Fighting       | 8 9 |  9.5
Armour         | 8 9 |  9.5
Invocations    | 4 |  4.1
Shields        | |  3.2

Action                     |  1- 3 |  4- 6 |  7- 9 | 10-12 || total
---------------------------+-------+-------+-------+-------++-------
  Melee: War axe           |   129 |   108 |   335 |   128 ||   700
         Battleaxe         |       |       |       |    96 ||    96
         Mace              |       |       |       |    63 ||    63
 Invoke: Light the Black T |       |     1 |     4 |     4 ||     9
         Recall Undead Har |       |       |     1 |       ||     1
         Bind Soul         |       |       |       |     1 ||     1
  Evoke: Wand              |       |       |       |     1 ||     1
    Use: Scroll            |       |     4 |       |       ||     4
         Potion            |       |       |       |     3 ||     3
   Stab: Distracted        |       |       |     1 |     1 ||     2
 Armour: Scale mail        |    78 |   106 |   157 |       ||   341
         Plate armour      |       |       |   124 |   215 ||   339
  Dodge: Dodged            |    56 |    50 |   133 |    84 ||   323
  Block: Buckler           |    28 |    22 |    78 |    94 ||   222
         Reflection        |       |       |    13 |     1 ||    14
         Other             |       |       |       |    19 ||    19

Table legend: (Time is in decaauts)
 A = Elapsed time spent in this place.
 B = Non-inter-level travel time spent in this place.
 C = Inter-level travel time spent in this place.
 D = Time resting spent in this place.
 E = Time spent auto-exploring this place.
 F = Levels seen in this place.
 G = Mean time per level.
                   A        B        C        D        E       F      G
               +--------+--------+--------+--------+--------+-----+--------+
         Total |   9943 |   9486 |    457 |    777 |   6189 |  12 |  828.6 |
       Dungeon |   8669 |   8212 |    457 |    168 |   6189 |  10 |  866.9 |
         Sewer |    402 |    402 |      0 |     98 |      0 |   1 |  402.0 |
        Bailey |    871 |    871 |      0 |    511 |      0 |   1 |  871.0 |
               +--------+--------+--------+--------+--------+-----+--------+

Top non-repeatable levels by time:
     D:6: 1840 daAuts
     D:3: 1031 daAuts
     D:9: 985 daAuts
     D:1: 923 daAuts
     D:5: 904 daAuts
  Bailey: 871 daAuts
     D:8: 853 daAuts
     D:4: 731 daAuts
     D:7: 675 daAuts
     D:2: 651 daAuts
   Sewer: 402 daAuts
    D:10: 73 daAuts
